 Dungeon Crawl Stone Soup version 0.31.0-11-ge490571c62 (webtiles) character file.

Game seed: 3384439433061739475

34 mopl the Caller (level 3, 0/19 HPs)
             Began as a Tengu Summoner on Feb 5, 2024.
             Succumbed to an adder's poison
             ... on level 2 of the Dungeon.
             The game lasted 00:01:27 (1036 turns).

mopl the Caller (Tengu Summoner)                    Turns: 1036, Time: 00:01:28

Health: 0/19       AC:  2    Str:  8    XL:     3   Next: 31%
Magic:  5/8        EV: 27    Int: 17    God:
Gold:   40         SH:  0    Dex: 14    Spells: 1/7 levels left

rFire   . . .        a - +0 spear
rCold   . . .        (no shield)
rNeg    . . .        j - +0 robe
rPois   .            (helmet restricted)
rElec   .            (no cloak)
rCorr   .            (no gloves)
SInv    .            (boots unavailable)
Will    .....        (no amulet)
Stlth   ++           (no ring)
HPRegen 0.23/turn    (no ring)
MPRegen 0.11/turn

%: acrobat
@: lethally poisoned (0 -> -8), acrobatic, inugami summoned
A: beak, talons 3, acrobatic
a: no special abilities


You were on level 2 of the Dungeon.
You visited 1 branch of the dungeon, and saw 2 of its levels.

You collected 40 gold pieces.

Inventory:

Hand Weapons
 a - a +0 spear (weapon)
 g - a +0 dagger
Missiles
 e - 3 poisoned darts
Armour
 j - a +0 robe (worn)
Scrolls
 c - a scroll of poison {unknown}
 h - a scroll of immolation {unknown}
 i - a scroll of fog {unknown}
 l - a scroll of vulnerability {unknown}
Potions
 b - 2 potions of magic
 d - a potion of brilliance {unknown}
 f - 3 potions of invisibility {unknown}
 k - a potion of haste {unknown}


   Skills:
 + Level 0.1 Polearms
 - Level 2.1 Dodging
 - Level 2.0 Stealth
 * Level 2.7 Spellcasting
 * Level 5.5 Summonings


You had one spell level left.
You knew the following spells:

 Your Spells              Type           Power      Damage    Failure   Level
a - Summon Small Mammal   Summ           84%        N/A       1%          1
b - Call Imp              Summ           42%        N/A       2%          2
c - Call Canine Familiar  Summ           21%        N/A       5%          3

Your spell library contained the following spells:

 Spells                   Type           Power      Damage    Failure   Level
 Summon Blazeheart Golem  Fire/Summ      11%        N/A       50%         4
 Summon Lightning Spire   Summ/Air       11%        N/A       50%         4


Dungeon Overview and Level Annotations

Branches:
Dungeon (2/15)

Altars:


Innate Abilities, Weirdness & Mutations

You have a beak for a mouth.
You have claws for feet.
You can magically evade attacks while moving or waiting.


Message History

Your inugami disappears in a puff of smoke!
An adder comes into view.
An adder is nearby!
A bat comes into view.
The bat moves out of view.
You reach to attack!
The helpless adder fails to defend itself.
You hit the adder.
The adder is heavily wounded.
The adder closely misses you.
You miss the adder. Your peck misses the adder. You punch the adder.
The adder is severely wounded.
The adder bites you.
You are poisoned.
The adder poisons you!
You closely miss the adder.
The adder is severely wounded.
You feel sick. The adder bites you. The adder misses you.
You miss the adder.
The adder is severely wounded.
You feel sick. The adder bites you.
You are more poisoned.
The adder poisons you!
You hit the adder.
The adder is severely wounded.
You feel sick. The adder bites you.
You are too injured to fight recklessly!
Casting: Call Canine Familiar (quite dangerous; 5% risk of failure)
Confirm with . or Enter, or press ? or * to list all spells.
You call for your canine familiar and it appears with a howl!
You feel sick. The adder bites you.
* * * LOW HITPOINT WARNING * * *
You are lethally poisoned!
The adder poisons you! The adder barely misses you.
Unknown command.
* * * LOW HITPOINT WARNING * * *
You feel very sick. The adder attacks as it pursues you!
The adder closely misses you.
You swap places.
You die...

#......#
#.# #.#
#.# #.#
#.# #.#
#.#
#####.#
#.Sh@.#
#b#####
... #.#.
...#.
### ##


You could see an adder (ally target), a bat and a friendly inugami (summoned).

Vanquished Creatures
  A dart slug (D:1)
  4 ball pythons
  An endoplasm (D:1)
  5 goblins (D:1)
  A hobgoblin (D:1)
  3 kobolds (D:1)
  A quokka (D:2)
  3 bats (D:1)
  A frilled lizard (D:1)
  4 rats (D:1)
24 creatures vanquished.

Vanquished Creatures (collateral kills)
  An endoplasm (D:2)
  A giant cockroach (D:2)
  2 kobolds (D:2)
4 creatures vanquished.

Grand Total: 28 creatures vanquished

Notes
Turn   | Place    | Note
-------+----------+-------------------------------------------
     0 | D:1      | mopl the Tengu Summoner began the quest for the Orb.
     0 | D:1      | Reached XP level 1. HP: 10/10 MP: 4/4
   155 | D:1      | Reached skill level 5 in Summonings
   216 | D:1      | Reached XP level 2. HP: 12/15 MP: 6/6
   321 | D:1      | Learned a level 2 spell: Call Imp
   680 | D:1      | Reached XP level 3. HP: 19/19 MP: 7/7
   719 | D:1      | Learned a level 3 spell: Call Canine Familiar
   860 | D:2      | Found a faded altar of an unknown god.
  1036 | D:2      | Succumbed to an adder's poison

Illustrated notes

Levels and vault maps discovered:
D:1:      spicycebolla_arrival_xxxplode, layout_basic
D:2:      layout_basic, chequers_ecumenical_altar_simple

Skill      XL: |  1 |
---------------+----+-----
Summonings     | 5 |  5.5
Polearms       | |  0.1
Dodging        | |  2.1
Stealth        | |  2.0
Spellcasting   | |  2.7

Action                     || total
---------------------------++-------
  Melee: Unarmed           ||    16
         Dagger            ||    45
         Kick              ||    15
         Peck              ||     7
         Spear             ||    18
         Punch             ||     1
   Cast: Call Canine Famil ||     2
   Stab: Sleeping          ||     8
 Armour: Robe              ||    33
  Dodge: Dodged            ||    43
